[Event "FIDE Open A - Konik"]
[Site "?"]
[Date "2013.04.29"]
[Round "2.15"]
[White "Nguyen, Thai Dai Van"]
[Black "Khaetsky, Roman"]
[Result "1/2-1/2"]
[ECO "B44"]
[WhiteElo "2132"]
[BlackElo "2426"]
[PlyCount "70"]
[EventDate "2013.??.??"]
[TimeControl "6000+1090"]
[WhiteClock "0:14:02"]
[BlackClock "0:22:29"]

1. e4 c5 2. Nf3 e6 3. d4 cxd4 4. Nxd4 Nc6 5. Nb5 d6 6. N1c3 Nf6 7. Be2 a6 8.
Nd4 Be7 9. O-O O-O 10. Be3 Bd7 11. a4 Nxd4 12. Bxd4 Bc6 13. Bd3 e5 14. Be3 d5
15. exd5 Nxd5 16. Nxd5 Qxd5 17. f3 Bc5 18. Qe2 Rad8 19. Rfd1 g6 20. b3 Rfe8 21.
Qf2 Bxe3 22. Qxe3 Qa5 23. Be4 Bxe4 24. fxe4 Qb4 25. Rd5 Rxd5 26. exd5 Qd4 27.
Qxd4 exd4 28. Rd1 Re4 29. Rd3 Kf8 30. c4 dxc3 31. Rxc3 Ke8 32. Rc4 Re7 33. d6
Rd7 34. Rc8+ Rd8 35. Rc7 Ra8 1/2-1/2

[Event "FIDE Open A - Konik"]
[Site "?"]
[Date "2013.04.29"]
[Round "2.16"]
[White "Lys, Josef"]
[Black "Zwardon, Vojtech"]
[Result "1/2-1/2"]
[ECO "A46"]
[WhiteElo "2137"]
[BlackElo "2417"]
[PlyCount "89"]
[EventDate "2013.??.??"]
[TimeControl "6000+1815"]
[WhiteClock "0:25:43"]
[BlackClock "1:20:12"]

1. d4 Nf6 2. Nf3 e6 3. g3 b5 4. a4 b4 5. c4 c5 6. Bg2 Bb7 7. e3 Be7 8. O-O O-O
9. b3 Qc7 10. Bb2 Rd8 11. Nbd2 Nc6 12. Rc1 Na5 13. Qc2 Rac8 14. e4 d5 15. cxd5
exd5 16. e5 Ne4 17. Nxe4 dxe4 18. Nd2 Bg5 19. Nxe4 Bxc1 20. Rxc1 c4 21. bxc4
Qxc4 22. Qd2 Qxc1+ 23. Bxc1 Nb3 24. Qxb4 Rxc1+ 25. Bf1 Ba6 26. Qxb3 Bxf1 27.
Qe3 Rd1 28. Nc3 Ra1 29. h4 Bb5+ 30. Kg2 Bxa4 31. d5 Be8 32. Qc5 a5 33. Qc7 Ra8
34. d6 Rc1 35. f3 a4 36. Qb7 Rd8 37. Qe7 Ra8 38. Ne4 a3 39. Nf6+ gxf6 40. Qxf6
Rc2+ 41. Kh3 Bd7+ 42. g4 Bxg4+ 43. fxg4 a2 44. Qg5+ Kf8 45. Qe7+ 1/2-1/2

[Event "FIDE Open A - Konik"]
[Site "?"]
[Date "2013.04.29"]
[Round "2.1"]
[White "Didi, Jan"]
[Black "Heinzel, Olaf"]
[Result "0-1"]
[ECO "B01"]
[WhiteElo "2053"]
[BlackElo "2371"]
[PlyCount "84"]
[EventDate "2013.??.??"]
[TimeControl "6000+1985"]
[WhiteClock "0:20:56"]
[BlackClock "0:54:21"]

1. e4 d5 2. exd5 Qxd5 3. Nc3 Qd6 4. d4 Nf6 5. h3 Nc6 6. Nf3 Bf5 7. Bd3 Bxd3 8.
Qxd3 O-O-O 9. Be3 Nb4 10. Qe2 Nfd5 11. Nxd5 Nxd5 12. O-O Nxe3 13. Qxe3 f6 14.
c4 g5 15. d5 Kb8 16. Rfe1 h5 17. Nd4 e5 18. dxe6 Qxd4 19. e7 Bxe7 20. Qxe7 g4
21. Qe4 gxh3 22. Qxd4 Rxd4 23. gxh3 Rxc4 24. Re6 Rf8 25. Rae1 b6 26. R1e4 Rc2
27. Re2 Rxe2 28. Rxe2 Rd8 29. Kg2 a5 30. Kg3 Rd3+ 31. Kh4 Rf3 32. Kxh5 Rxh3+
33. Kg4 Rd3 34. Kf5 Rd6 35. f4 Kc8 36. b3 b5 37. Kg6 Kd7 38. f5 c5 39. Kf7 c4
40. bxc4 bxc4 41. Rc2 Rc6 42. Rd2+ Kc7 0-1

[Event "FIDE Open A - Konik"]
[Site "?"]
[Date "2013.04.29"]
[Round "2.2"]
[White "Kuciel, Wladyslaw"]
[Black "Holemár, David"]
[Result "1/2-1/2"]
[ECO "E91"]
[WhiteElo "2033"]
[BlackElo "2285"]
[PlyCount "81"]
[EventDate "2013.??.??"]
[TimeControl "5400+1070"]
[WhiteClock "0:30:50"]
[BlackClock "0:04:54"]

1. d4 Nf6 2. c4 g6 3. Nc3 Bg7 4. e4 d6 5. Nf3 O-O 6. Be2 Na6 7. O-O e5 8. Be3
Ng4 9. Bg5 Qe8 10. Re1 h6 11. Bh4 c6 12. h3 Nf6 13. dxe5 dxe5 14. Qd6 Be6 15.
Rad1 Rd8 16. Qa3 Rxd1 17. Rxd1 g5 18. Bg3 Nd7 19. Nd5 Ndc5 20. Nc7 Qb8 21. Nxa6
Nxa6 22. Nd4 Re8 23. Nxe6 Rxe6 24. Bg4 Re8 25. Qf3 Rd8 26. a3 Nc5 27. Rxd8+
Qxd8 28. b4 Nd3 29. Qd1 Qd4 30. Be2 Nf4 31. Bxf4 exf4 32. Qxd4 Bxd4 33. Kf1 Kg7
34. Bg4 Kf6 35. Bc8 b6 36. Bb7 c5 37. b5 Ke5 38. Ke2 f6 39. a4 Bc3 40. Kd3 Be1
41. f3 1/2-1/2

[Event "FIDE Open A - Konik"]
[Site "?"]
[Date "2013.04.29"]
[Round "2.4"]
[White "Veselý, Martin"]
[Black "Kubeczka, Ales"]
[Result "0-1"]
[ECO "D45"]
[WhiteElo "2178"]
[BlackElo "2032"]
[PlyCount "82"]
[EventDate "2013.??.??"]
[TimeControl "6000+1320"]
[WhiteClock "0:01:21"]
[BlackClock "0:07:39"]

1. d4 d5 2. Nf3 c6 3. c4 Nf6 4. Nc3 e6 5. e3 Nbd7 6. Be2 Bd6 7. O-O O-O 8. b3
b6 9. Bb2 Bb7 10. cxd5 cxd5 11. Nb5 Be7 12. Rc1 a6 13. Na3 Bd6 14. Ne5 Qe7 15.
Nc2 Rfc8 16. f3 Ne8 17. f4 g6 18. Bd3 Ndf6 19. Qd2 Ng7 20. Qe2 Rc7 21. Ne1 Rxc1
22. Bxc1 Ne4 23. Bb2 f6 24. Ng4 Nf5 25. Nf3 h5 26. Nf2 Nxf2 27. Qxf2 Kf7 28.
Qe2 Ba3 29. Kf2 Rc8 30. h3 Bxb2 31. Qxb2 Qc7 32. g4 hxg4 33. hxg4 Qc3 34. Qb1
Nd6 35. Bxg6+ Kg7 36. Bd3 Ne4+ 37. Kg2 Nd2 38. Nxd2 Qxd2+ 39. Kf3 Rh8 40. Rf2
Rh3+ 41. Kg2 Qxe3 0-1

[Event "FIDE Open A - Konik"]
[Site "?"]
[Date "2013.04.29"]
[Round "2.5"]
[White "Blahynka, Martin"]
[Black "Stehlík, Jiøí"]
[Result "1-0"]
[ECO "D10"]
[WhiteElo "2155"]
[BlackElo "1981"]
[PlyCount "63"]
[EventDate "2013.??.??"]
[TimeControl "6000+840"]
[WhiteClock "0:22:40"]
[BlackClock "0:15:49"]

1. d4 d5 2. c4 c6 3. Nc3 Nf6 4. e3 g6 5. Nf3 Bg7 6. Bd3 O-O 7. O-O e6 8. b4
dxc4 9. Bxc4 Nd5 10. Qb3 Nxc3 11. Qxc3 Nd7 12. Rd1 b6 13. Ba3 Re8 14. Rac1 Bb7
15. Qb3 Rc8 16. b5 Nb8 17. Qa4 a6 18. bxa6 Nxa6 19. Ne5 b5 20. Qb3 Ba8 21. Be2
f6 22. Nd3 Rc7 23. e4 Qxd4 24. Nf4 Qxe4 25. Bd6 Rcc8 26. Bd3 Qa4 27. Qxa4 bxa4
28. Bxa6 Rcd8 29. Bc4 Bh6 30. Nxe6 Bxc1 31. Nxd8+ Kg7 32. Ne6+ 1-0

[Event "FIDE Open A - Konik"]
[Site "?"]
[Date "2013.04.29"]
[Round "2.6"]
[White "Malík, Jan"]
[Black "Chromík, Tomáš"]
[Result "0-1"]
[ECO "C42"]
[WhiteElo "2265"]
[BlackElo "1885"]
[PlyCount "52"]
[EventDate "2013.??.??"]
[TimeControl "6000+1615"]
[WhiteClock "0:12:20"]
[BlackClock "0:00:54"]

1. e4 e5 2. Nf3 Nf6 3. Nxe5 d6 4. Nf3 Nxe4 5. d3 Nf6 6. d4 d5 7. Bd3 c5 8. O-O
c4 9. Re1+ Be7 10. Bf1 O-O 11. Nc3 Nc6 12. Ne5 Bf5 13. Bg5 Re8 14. g3 Ne4 15.
Bxe7 Rxe7 16. Nxe4 Bxe4 17. Bxc4 Bxc2 18. Qxc2 Nxd4 19. Qd1 dxc4 20. Re4 Nb5
21. Qe2 Nd6 22. Rd4 Qc7 23. Rd5 Rae8 24. Re1 f6 25. Qd2 c3 26. Qd3 Nf7 0-1

[Event "FIDE Open A - Konik"]
[Site "?"]
[Date "2013.04.29"]
[Round "2.7"]
[White "Bureš, Martin"]
[Black "Zárský, Kamil"]
[Result "1-0"]
[WhiteElo "2147"]
[BlackElo "2033"]
[PlyCount "67"]
[EventDate "2013.??.??"]
[TimeControl "5400+1580"]
[WhiteClock "0:02:53"]
[BlackClock "0:28:33"]

1. h3 d5 2. e4 dxe4 3. Nc3 Nf6 4. Qe2 Bd7 5. g4 Nc6 6. g5 Nd4 7. Qd1 Bc6 8.
gxf6 exf6 9. Bg2 f5 10. d3 Qh4 11. dxe4 O-O-O 12. Nf3 Nxf3+ 13. Qxf3 g6 14. a3
Bg7 15. Qf4 Qe7 16. O-O Be5 17. Qe3 Bd4 18. Qe2 Rhe8 19. Be3 fxe4 20. Bxd4 Rxd4
21. Rad1 Rxd1 22. Rxd1 f5 23. Qe3 b6 24. Qf4 Qc5 25. Qe3 Qe5 26. Qd4 Qe7 27.
Nd5 Qg5 28. Nb4 Re6 29. Nxc6 Rxc6 30. Qd7+ Kb7 31. Qd5 Qf6 32. f3 Kb8 33. fxe4
Rxc2 34. Qd8+ 1-0

[Event "FIDE Open A - Konik"]
[Site "?"]
[Date "2013.04.29"]
[Round "2.8"]
[White "Hastík, Svatopluk"]
[Black "Oèkay, Tomás"]
[Result "1/2-1/2"]
[ECO "D30"]
[WhiteElo "2034"]
[BlackElo "2146"]
[PlyCount "154"]
[EventDate "2013.??.??"]
[TimeControl "6000+1490"]
[WhiteClock "0:01:17"]
[BlackClock "0:01:22"]

1. d4 Nf6 2. Nf3 e6 3. Bg5 d5 4. c4 Bb4+ 5. Nc3 O-O 6. e3 b6 7. cxd5 Bxc3+ 8.
bxc3 exd5 9. Qb3 Be6 10. Rd1 Nbd7 11. Ne5 Qc8 12. Nxd7 Nxd7 13. Be2 c5 14. O-O
c4 15. Qa3 Qc6 16. Rd2 Rfe8 17. Bd1 Bf5 18. Bh4 Qh6 19. Be7 Qe6 20. Bh4 Bd3 21.
Re1 Qh6 22. Be7 Qe6 23. Bh4 Nf8 24. Ba4 Ng6 25. Bg3 Red8 26. Bc2 Bxc2 27. Rxc2
f5 28. Rce2 Rd7 29. f3 Re8 30. Kf2 Qc6 31. h3 Kf7 32. Bf4 h6 33. Bh2 Re6 34.
Qc1 Kg8 35. Qc2 Rf7 36. Kg1 Qe8 37. Bf4 Qf8 38. g3 Rfe7 39. Kf2 Qf7 40. Qd2 Qf6
41. h4 Qf7 42. Kg2 Kf8 43. Bb8 Qe8 44. Be5 Nxe5 45. dxe5 Rxe5 46. f4 Re4 47.
Qxd5 Qd7 48. Rd2 Qxd5 49. Rxd5 Rxe3 50. Rxf5+ Kg8 51. Rd1 Kh7 52. Rf8 Rxc3 53.
Rdd8 Rd3 54. Rc8 g6 55. h5 gxh5 56. f5 Red7 57. Rxc4 Rg7 58. Rf4 Rgxg3+ 59. Kf2
Rh3 60. f6 Rh2+ 61. Kg1 Rxa2 62. Rf1 Rdd2 63. Rf7+ Kg8 64. Rg7+ Kh8 65. Re1 Rd8
66. Rge7 Rf8 67. Rd7 Rg8+ 68. Kf1 Rag2 69. f7 Rg1+ 70. Kf2 R1g2+ 71. Kf1 Rg1+
72. Kf2 R8g2+ 73. Kf3 Kg7 74. Re8 Rg3+ 75. Kf2 R1g2+ 76. Kf1 Rg1+ 77. Kf2 R3g2+
1/2-1/2

[Event "FIDE Open A - Konik"]
[Site "?"]
[Date "2013.04.29"]
[Round "2.9"]
[White "Rakús, Pavel"]
[Black "Miculka, Petr"]
[Result "1-0"]
[ECO "E68"]
[WhiteElo "2144"]
[BlackElo "2018"]
[PlyCount "77"]
[EventDate "2013.??.??"]
[TimeControl "6000+950"]
[WhiteClock "0:05:57"]
[BlackClock "0:00:35"]

1. Nf3 Nf6 2. g3 g6 3. Bg2 Bg7 4. d4 d6 5. O-O O-O 6. c4 Nbd7 7. Nc3 e5 8. e4
c6 9. d5 cxd5 10. cxd5 Nc5 11. Nh4 a5 12. Be3 Nfd7 13. Qd2 f5 14. exf5 gxf5 15.
Bg5 Nf6 16. Bh6 Bxh6 17. Qxh6 Ng4 18. Qd2 Qf6 19. Rac1 b6 20. h3 Nh6 21. Kh2
Ba6 22. Rg1 Rae8 23. Rb1 Bd3 24. b4 axb4 25. Rxb4 f4 26. Be4 Bxe4 27. Nxe4 Nxe4
28. Rxe4 Kh8 29. a4 Rc8 30. Rg2 Rc5 31. Rb4 Rfc8 32. gxf4 Rc2 33. fxe5 dxe5 34.
Qe3 R8c3 35. Rxb6 Ng4+ 36. Rxg4 Rxf2+ 37. Ng2 Rxe3 38. Rxf6 Rxf6 39. Nxe3 1-0

[Event "FIDE Open A - Konik"]
[Site "?"]
[Date "2013.04.29"]
[Round "2.10"]
[White "Karhánek, Pavel"]
[Black "Kolár, Stanislav"]
[Result "1-0"]
[ECO "A43"]
[WhiteElo "2030"]
[BlackElo "2139"]
[PlyCount "135"]
[EventDate "2013.??.??"]
[TimeControl "5400+1455"]
[WhiteClock "0:09:41"]
[BlackClock "0:14:34"]

1. d4 c5 2. c3 e6 3. Nf3 Nc6 4. e3 Nf6 5. Nbd2 d5 6. Bd3 c4 7. Bc2 Bd6 8. O-O
O-O 9. e4 Bf4 10. e5 Nd7 11. Re1 f6 12. exf6 Qxf6 13. Nf1 g5 14. Ng3 Qh6 15. h3
Nf6 16. Ne5 Ne7 17. b3 cxb3 18. axb3 Nf5 19. Nxf5 exf5 20. Bxf4 gxf4 21. Qf3
Ne4 22. Nd3 Be6 23. Qxf4 Qf6 24. Nc5 Nxc5 25. dxc5 Qxc3 26. Qe5 Qxe5 27. Rxe5
Rf6 28. b4 Kf7 29. Bb3 d4 30. Bxe6+ Rxe6 31. Rxf5+ Ke7 32. Rd5 Rd8 33. Rxd8
Kxd8 34. Rd1 Re4 35. f3 Rf4 36. Kf2 d3 37. Rxd3+ Kc7 38. Rb3 Kc6 39. Ke3 Rc4
40. f4 Kd5 41. g4 Re4+ 42. Kf3 Rd4 43. g5 Kc4 44. Rb1 Kc3 45. Ra1 a6 46. c6
bxc6 47. Rxa6 Rd6 48. Rb6 Kc4 49. h4 Rd3+ 50. Kg4 Kd5 51. Rb7 Rb3 52. Rb6 Rb1
53. h5 Ke4 54. Rxc6 Rg1+ 55. Kh4 Kxf4 56. Rf6+ Ke5 57. Rf3 Rb1 58. g6 Rxb4+ 59.
Kg5 hxg6 60. hxg6 Rb1 61. Re3+ Kd4 62. Re8 Rg1+ 63. Kf6 Rf1+ 64. Kg7 Kd5 65.
Kg8 Kd6 66. g7 Kd7 67. Rf8 Kd6 68. Re8 1-0

[Event "FIDE Open A - Konik"]
[Site "?"]
[Date "2013.04.29"]
[Round "2.11"]
[White "Marek, Matyáš"]
[Black "Szotkowski, Jakub"]
[Result "0-1"]
[ECO "A57"]
[WhiteElo "2004"]
[BlackElo "2135"]
[PlyCount "78"]
[EventDate "2013.??.??"]
[TimeControl "6000+710"]
[WhiteClock "0:00:31"]
[BlackClock "0:04:30"]

1. d4 Nf6 2. c4 c5 3. d5 b5 4. cxb5 a6 5. f3 d6 6. e4 g6 7. Na3 Bg7 8. Ne2 axb5
9. Nxb5 O-O 10. Nec3 Nfd7 11. Be2 f5 12. exf5 gxf5 13. Bf4 Nb6 14. Qd2 N8d7 15.
h4 Ne5 16. h5 Kh8 17. Bg5 Bb7 18. f4 Ng4 19. Bxg4 fxg4 20. h6 Bf6 21. Bxf6+
exf6 22. O-O-O Qd7 23. Rhe1 Nxd5 24. Nxd5 Qxb5 25. Nc3 Qd7 26. Qxd6 Qxd6 27.
Rxd6 Bxg2 28. Rd7 Rae8 29. Rg1 Bf3 30. Kd2 f5 31. a4 Rf6 32. Nd5 Rxh6 33. Ne7
Be4 34. a5 Rh2+ 35. Kc3 Rb8 36. Rc1 Rhxb2 37. Kc4 Ra2 38. Ra7 g3 39. a6 g2 0-1

[Event "FIDE Open A - Konik"]
[Site "?"]
[Date "2013.04.29"]
[Round "2.12"]
[White "Maltsev, Leonid"]
[Black "Kubík, Michael"]
[Result "0-1"]
[ECO "B22"]
[WhiteElo "1989"]
[BlackElo "2111"]
[PlyCount "94"]
[EventDate "2013.??.??"]
[TimeControl "6000+900"]
[WhiteClock "0:20:29"]
[BlackClock "0:43:12"]

1. e4 c5 2. c3 d5 3. exd5 Qxd5 4. d4 Nf6 5. Nf3 Bg4 6. dxc5 Qxc5 7. Na3 a6 8.
h3 Bh5 9. Be3 Qc7 10. Qa4+ Nbd7 11. O-O-O Bg6 12. Bf4 Qc8 13. Bd3 b5 14. Qc2
Bxd3 15. Rxd3 e6 16. Bd6 Bxd6 17. Rxd6 O-O 18. Rd4 Qc5 19. Rhd1 Ne5 20. Nxe5
Qxe5 21. f4 Qc5 22. g4 Nd5 23. Qd3 b4 24. Nb1 bxc3 25. Nxc3 Rab8 26. Rd2 Rb4
27. Rxb4 Nxb4 28. Qd4 Nxa2+ 29. Kb1 Nxc3+ 30. Qxc3 Qg1+ 31. Qc1 Qg3 32. Qf1 Qe3
33. Rd3 Qb6 34. Qc1 Qb7 35. Qd1 Qe4 36. Qf3 Qb4 37. Rb3 Qe1+ 38. Ka2 h6 39. Qc3
Qf1 40. Qd4 Rc8 41. Qe5 Rc4 42. Qb8+ Kh7 43. Ra3 Rc1 44. Rc3 Ra1+ 45. Kb3 Qd1+
46. Rc2 Rc1 47. Qc7 a5 0-1

[Event "FIDE Open A - Konik"]
[Site "?"]
[Date "2013.04.29"]
[Round "2.13"]
[White "Záleský, Karel"]
[Black "Ling, Bronislav"]
[Result "1-0"]
[ECO "C65"]
[WhiteElo "2100"]
[BlackElo "2003"]
[PlyCount "41"]
[EventDate "2013.??.??"]
[TimeControl "6000+665"]
[WhiteClock "0:50:09"]
[BlackClock "0:17:37"]

1. e4 e5 2. Nf3 Nc6 3. Bb5 Bc5 4. O-O Nf6 5. c3 Bb6 6. d4 exd4 7. e5 Nd5 8. Bg5
Nce7 9. c4 Nb4 10. a3 Nbc6 11. b4 a6 12. Ba4 O-O 13. c5 Ba7 14. Re1 Qe8 15.
Nxd4 Nxd4 16. Qxd4 Nc6 17. Qc3 b6 18. Nd2 bxc5 19. bxc5 Rb8 20. Bb3 Bb7 21. Ne4
1-0

[Event "FIDE Open A - Konik"]
[Site "?"]
[Date "2013.04.29"]
[Round "2.14"]
[White "Závesický, Petr"]
[Black "Marecková, Martina"]
[Result "1-0"]
[ECO "C47"]
[WhiteElo "1978"]
[BlackElo "2095"]
[PlyCount "83"]
[EventDate "2013.??.??"]
[TimeControl "6000+1775"]
[WhiteClock "1:00:38"]
[BlackClock "0:30:26"]

1. e4 e5 2. Nf3 Nc6 3. Nc3 Nf6 4. g3 d5 5. exd5 Nxd5 6. Bg2 Nxc3 7. bxc3 Bd6 8.
O-O O-O 9. d3 Re8 10. Re1 Bg4 11. h3 Bh5 12. g4 Bg6 13. Rb1 Rb8 14. Ng5 Qd7 15.
Ne4 f5 16. Nxd6 cxd6 17. gxf5 Bxf5 18. Qf3 Rf8 19. Qg3 Rbe8 20. Bh6 Rf6 21.
Rxb7 Qxb7 22. Bxc6 Qe7 23. Bg5 Ref8 24. Bxf6 Rxf6 25. Bg2 Rg6 26. Qf3 Rf6 27.
Rb1 h6 28. Rb7 Bd7 29. Qg4 Bxg4 30. Rxe7 Bd1 31. Rxa7 Bxc2 32. Be4 Kf8 33. c4
Rf7 34. Ra8+ Ke7 35. a4 Kf6 36. a5 Kg5 37. a6 Kh4 38. Kg2 g5 39. Rd8 g4 40.
hxg4 Kxg4 41. Rxd6 h5 42. Bb7 1-0

[Event "FIDE Open A - Konik"]
[Site "?"]
[Date "2013.04.29"]
[Round "2.1"]
[White "Vícha, Martin"]
[Black "Chlevistan, Jakub"]
[Result "0-1"]
[ECO "C28"]
[WhiteElo "1888"]
[BlackElo "2075"]
[PlyCount "102"]
[EventDate "2013.??.??"]
[TimeControl "6000+730"]
[WhiteClock "0:18:39"]
[BlackClock "0:27:04"]

1. e4 e5 2. Bc4 Nf6 3. Nc3 Nc6 4. d3 Bc5 5. h3 h6 6. a3 O-O 7. Nf3 a6 8. Bd2 b5
9. Ba2 d6 10. Qc1 Be6 11. Nd5 Bxd5 12. exd5 Ne7 13. g4 e4 14. Nh4 exd3 15. cxd3
Ng6 16. Nxg6 fxg6 17. Be3 Bxe3 18. fxe3 Nd7 19. Ke2 Qf6 20. Kd2 Qf2+ 21. Kc3 a5
22. Qd2 b4+ 23. Kc2 bxa3 24. bxa3 Qg3 25. Rag1 Qe5 26. Rf1 Nc5 27. Bc4 Rab8 28.
Rxf8+ Rxf8 29. Rg1 Rf3 30. d4 Qe4+ 31. Kb2 Na4+ 32. Kb3 Nb6 33. Re1 a4+ 34. Kb4
Rxh3 35. Qf2 Kh7 36. Bf1 Qxd5 37. Qc2 Rxe3 38. Rxe3 Qxd4+ 39. Kb5 Qxe3 40. Qxc7
Nd5 41. Qxd6 Qb3+ 42. Kc6 Nf6 43. Bd3 Qg8 44. g5 Qe8+ 45. Kc7 Ne4 46. Bxe4 Qxe4
47. gxh6 gxh6 48. Qd7+ Kg8 49. Qd8+ Kf7 50. Qh8 Qe7+ 51. Kc6 Qf6+ 0-1

[Event "FIDE Open A - Konik"]
[Site "?"]
[Date "2013.04.29"]
[Round "2.2"]
[White "Trombík, Karel"]
[Black "Richterová, Natasa"]
[Result "0-1"]
[ECO "A14"]
[WhiteElo "2065"]
[BlackElo "1954"]
[PlyCount "78"]
[EventDate "2013.??.??"]
[TimeControl "6000+2880"]
[WhiteClock "0:21:47"]
[BlackClock "0:06:20"]

1. Nf3 Nf6 2. c4 e6 3. g3 d5 4. Bg2 Be7 5. O-O O-O 6. b3 c5 7. Bb2 Nc6 8. e3
Rb8 9. Qe2 dxc4 10. bxc4 b6 11. Nc3 Bb7 12. Rfd1 Qc8 13. Rac1 Rd8 14. d4 Na5
15. Ne5 Bxg2 16. Kxg2 Qb7+ 17. f3 Rbc8 18. Kg1 Bd6 19. Nb5 Bb8 20. dxc5 bxc5
21. Bc3 Nc6 22. Nd3 Qe7 23. Rb1 e5 24. Nf2 Qe6 25. Na3 h5 26. Nc2 Bc7 27. Re1
Ba5 28. Bxa5 Nxa5 29. Na3 e4 30. fxe4 h4 31. Rb5 hxg3 32. hxg3 Nc6 33. Nd3 Qh3
34. Nxc5 Qxg3+ 35. Kf1 Ng4 36. Rb2 Rd6 37. Nd3 Qh3+ 38. Kg1 Rxd3 39. Qxd3 Nce5
0-1

[Event "FIDE Open A - Konik"]
[Site "?"]
[Date "2013.04.29"]
[Round "2.3"]
[White "Miculka, David"]
[Black "Dobes, Ludek"]
[Result "1/2-1/2"]
[ECO "B44"]
[WhiteElo "1877"]
[BlackElo "2064"]
[PlyCount "84"]
[EventDate "2013.??.??"]
[TimeControl "6000+660"]
[WhiteClock "0:18:25"]
[BlackClock "0:21:12"]

1. e4 c5 2. Nf3 e6 3. d4 cxd4 4. Nxd4 Nc6 5. Nb5 d6 6. c4 a6 7. N5a3 Nf6 8. Nc3
Be7 9. Be2 O-O 10. O-O Qc7 11. Be3 b6 12. Qd2 Bb7 13. f3 Rac8 14. Rac1 Ne5 15.
Rfd1 Nfd7 16. Bf2 Rfd8 17. Bf1 Qb8 18. Be3 Bc6 19. Qf2 Nc5 20. Nc2 b5 21. cxb5
axb5 22. Nb4 Be8 23. Qg3 Kh8 24. Bd4 f6 25. Be2 Nc6 26. Bxc5 dxc5 27. Rxd8 Nxd8
28. Qxb8 Rxb8 29. Nd3 c4 30. Ne1 Nc6 31. a4 Nd4 32. axb5 Bxb5 33. Kf1 Nb3 34.
Rd1 Ba6 35. Rd7 Bc5 36. Nc2 Kg8 37. Ke1 Nc1 38. Na4 Bf8 39. Ra7 Bb5 40. Nc3
Nd3+ 41. Kd2 Nxb2 42. Nd4 Be8 1/2-1/2

[Event "FIDE Open A - Konik"]
[Site "?"]
[Date "2013.04.30"]
[Round "3.1"]
[White "Plischki, Sebastian"]
[Black "Krejci, Jan"]
[Result "0-1"]
[ECO "A05"]
[WhiteElo "2389"]
[BlackElo "2491"]
[PlyCount "110"]
[EventDate "2013.??.??"]
[TimeControl "6000+875"]
[WhiteClock "0:19:52"]
[BlackClock "1:05:27"]

1. Nf3 Nf6 2. c4 e6 3. g3 a6 4. e3 Be7 5. b3 O-O 6. Bb2 c5 7. Nc3 Nc6 8. Bg2 b5
9. O-O Rb8 10. Rb1 Qa5 11. Ba1 Nb4 12. d3 d5 13. Qe2 Rd8 14. Ne5 Bb7 15. f4 d4
16. exd4 cxd4 17. Ne4 Bxe4 18. Bxe4 Nxe4 19. Qxe4 Qxa2 20. Bxd4 f5 21. Qe3 Nc2
22. Qe2 Rxd4 23. Nc6 Bc5 24. Kh1 Re8 25. Nxd4 Bxd4 26. Qd2 a5 27. cxb5 Nb4 28.
Qc1 Qc2 29. Qxc2 Nxc2 30. Rbc1 Ne3 31. Rfe1 Kf7 32. Rc6 Ke7 33. Rc7+ Kf6 34.
Rc6 Rb8 35. b6 Rxb6 36. Rxb6 Bxb6 37. Rc1 Bd4 38. Rc6 h6 39. h4 Nf1 40. Kg2 Nd2
41. Ra6 Nxb3 42. Kf3 Bc3 43. g4 fxg4+ 44. Kxg4 Nc5 45. Rc6 Bd4 46. Rd6 Bb2 47.
d4 Ne4 48. Ra6 Bxd4 49. Rxa5 Nd6 50. h5 Nf5 51. Rb5 Ne3+ 52. Kf3 Nd5 53. Kg4
Be3 54. f5 exf5+ 55. Kf3 Ke5 0-1

[Event "FIDE Open A - Konik"]
[Site "?"]
[Date "2013.04.30"]
[Round "3.2"]
[White "Kutynec, Vladimir"]
[Black "Simantsev, Mikhail"]
[Result "1-0"]
[ECO "A05"]
[WhiteElo "2290"]
[BlackElo "2449"]
[PlyCount "101"]
[EventDate "2013.??.??"]
[TimeControl "6000+1240"]
[WhiteClock "0:15:44"]
[BlackClock "0:00:40"]

1. Nf3 Nf6 2. c4 e6 3. g3 b6 4. Bg2 Bb7 5. O-O Be7 6. Nc3 O-O 7. d4 Ne4 8. Bd2
Bf6 9. Rc1 c5 10. d5 exd5 11. cxd5 Nxd2 12. Nxd2 d6 13. Nc4 Ba6 14. Qb3 Bxc4
15. Qxc4 a6 16. a4 Nd7 17. Bh3 Re8 18. Kg2 Ne5 19. Qb3 Rb8 20. Ne4 b5 21. axb5
axb5 22. Qc2 Nc4 23. Nxf6+ Qxf6 24. b3 Nb6 25. e4 Ra8 26. Rfe1 Qd4 27. Rcd1 Qb4
28. e5 Nxd5 29. Bd7 dxe5 30. Bxe8 Rxe8 31. Re4 Qc3 32. Qxc3 Nxc3 33. Rxe5 Kf8
34. Rde1 Rc8 35. Ra1 f6 36. Rh5 h6 37. Ra7 c4 38. bxc4 Rxc4 39. Rh4 Rxh4 40.
gxh4 h5 41. Rb7 Kg8 42. Kf3 Kh7 43. Rc7 b4 44. Rc4 Kg6 45. Rxb4 Nd5 46. Rb7 f5
47. Rb5 Nc7 48. Rb6+ Kh7 49. Rd6 Ne8 50. Rc6 g6 51. Kf4 1-0

[Event "FIDE Open A - Konik"]
[Site "?"]
[Date "2013.04.30"]
[Round "3.3"]
[White "Plát, Vojtech"]
[Black "Kufa, Pavel"]
[Result "1/2-1/2"]
[ECO "D43"]
[WhiteElo "2463"]
[BlackElo "2214"]
[PlyCount "93"]
[EventDate "2013.??.??"]
[TimeControl "6000+905"]
[WhiteClock "0:29:26"]
[BlackClock "0:05:57"]

1. d4 Nf6 2. Nf3 d5 3. c4 e6 4. Nc3 c6 5. Bg5 Be7 6. e3 O-O 7. Bd3 dxc4 8. Bxc4
Nd5 9. Bxe7 Qxe7 10. O-O Nxc3 11. bxc3 Nd7 12. Bd3 Rd8 13. Qc2 h6 14. e4 b6 15.
e5 Bb7 16. Nd2 c5 17. Bh7+ Kh8 18. Be4 Nf8 19. Qd3 Ng6 20. f4 Rac8 21. Bxb7
Qxb7 22. Ne4 Nh4 23. g3 Nf5 24. g4 Nh4 25. Rae1 cxd4 26. cxd4 Qd5 27. Qh3 Qxd4+
28. Kh1 Ng6 29. g5 Qd5 30. gxh6 Rc4 31. Qf3 gxh6 32. Rd1 Rd4 33. Rxd4 Qxd4 34.
Nd6 Rd7 35. Qa8+ Kh7 36. Ne4 Kg7 37. Nf6 Rd8 38. Qb7 Qd3 39. Rg1 Qe2 40. Qe4
Qxe4+ 41. Nxe4 Rd4 42. Nf6 Rd2 43. h4 h5 44. Rg5 Rxa2 45. Nxh5+ Kh6 46. Nf6
Nxf4 47. Ng4+ 1/2-1/2

[Event "FIDE Open A - Konik"]
[Site "?"]
[Date "2013.04.30"]
[Round "3.4"]
[White "Kozák, Milos"]
[Black "Kociscák, Jiri"]
[Result "0-1"]
[ECO "A35"]
[WhiteElo "2175"]
[BlackElo "2424"]
[PlyCount "62"]
[EventDate "2013.??.??"]
[TimeControl "6000+975"]
[WhiteClock "0:02:16"]
[BlackClock "0:02:47"]

1. Nf3 Nf6 2. c4 c5 3. Nc3 Nc6 4. e3 g6 5. d4 cxd4 6. exd4 d5 7. cxd5 Nxd5 8.
Qb3 Nxc3 9. Bc4 Nd5 10. Bxd5 e6 11. Bxc6+ bxc6 12. O-O Qd5 13. Be3 f6 14. Rfc1
Bd6 15. Rc2 Rb8 16. Qa4 Bd7 17. Qxa7 Ke7 18. Qa6 Ra8 19. Qc4 Rhb8 20. Nd2 Rb4
21. Qc3 c5 22. Nc4 Bc7 23. b3 Bc6 24. f4 Qe4 25. Rf2 Rxc4 26. bxc4 Ba5 27. Qa3
Bb4 28. Qc1 cxd4 29. Bd2 Bc5 30. Qb2 d3 31. Bb4 Qxg2# 0-1

[Event "FIDE Open A - Konik"]
[Site "?"]
[Date "2013.04.30"]
[Round "3.5"]
[White "Mrva, Vladimir"]
[Black "Berzinsh, Roland"]
[Result "1/2-1/2"]
[ECO "B27"]
[WhiteElo "2185"]
[BlackElo "2411"]
[PlyCount "93"]
[EventDate "2013.??.??"]
[TimeControl "5400+830"]
[WhiteClock "0:05:05"]
[BlackClock "0:27:34"]

1. e4 c5 2. Nf3 b6 3. d4 cxd4 4. Nxd4 Bb7 5. Nc3 a6 6. Bd3 g6 7. O-O Bg7 8. Be3
d6 9. Bc4 Nf6 10. f3 O-O 11. a3 Nbd7 12. Qd2 b5 13. Ba2 Rc8 14. Kh1 Ne5 15. Bh6
Bxh6 16. Qxh6 Nc4 17. Bxc4 Rxc4 18. Rad1 Qb6 19. Nce2 a5 20. c3 b4 21. axb4
axb4 22. Ng3 Bc8 23. Nde2 Rc5 24. Rd4 bxc3 25. bxc3 Ba6 26. Rb4 Qa5 27. Rb2
Rfc8 28. Rc1 Rc4 29. h3 R4c5 30. Qd2 Bxe2 31. Nxe2 Rc4 32. Rcb1 Qe5 33. Rb5
R4c5 34. Rxc5 Qxc5 35. Rb7 Qf2 36. Rb1 Nh5 37. Kh2 Ng3 38. Qe1 Qxe2 39. Qxg3
Rxc3 40. Rb8+ Kg7 41. Rb7 e5 42. Qg4 Qa2 43. Rd7 Rc1 44. Qg5 Qa1 45. Kg3 Rf1
46. Qd2 Rd1 47. Qc2 1/2-1/2

[Event "FIDE Open A - Konik"]
[Site "?"]
[Date "2013.04.30"]
[Round "3.6"]
[White "Hausner, Ivan"]
[Black "Potomák, Vladimír"]
[Result "1-0"]
[ECO "E77"]
[WhiteElo "2395"]
[BlackElo "2187"]
[PlyCount "61"]
[EventDate "2013.??.??"]
[TimeControl "6000+545"]
[WhiteClock "1:13:21"]
[BlackClock "1:05:47"]

1. d4 Nf6 2. c4 g6 3. Nc3 Bg7 4. e4 d6 5. f4 O-O 6. Nf3 c5 7. d5 e6 8. dxe6
Bxe6 9. Bd3 Nc6 10. f5 Bd7 11. O-O Nd4 12. Bg5 Bc6 13. Nxd4 cxd4 14. Nd5 Bxd5
15. exd5 Qb6 16. Qd2 Rae8 17. fxg6 fxg6 18. Rae1 Ng4 19. Rxf8+ Rxf8 20. Re7 Ne3
21. b4 a5 22. a3 axb4 23. Qxb4 Qxb4 24. axb4 b5 25. cxb5 Rc8 26. b6 Nxd5 27.
Ba6 Nxe7 28. Bxc8 Nc6 29. b5 Nb8 30. Bd8 d3 31. Kf1 1-0